 Dungeon Crawl Stone Soup version 0.31.0-32-g396128a36d (webtiles) character file.

Game seed: 9716222847461909493

3520 hawla the Protected (level 9, -4/70 HPs)
             Began as a Minotaur Fighter on Mar 12, 2024.
             Was an Initiate of Yredelemnul.
             Slain by a water moccasin (9 damage)
             ... on level 7 of the Dungeon on Mar 17, 2024.
             The game lasted 00:13:31 (6744 turns).

hawla the Protected (Minotaur Fighter)              Turns: 6744, Time: 00:13:33

Health: -4/70      AC: 14    Str: 27    XL:     9   Next: 81%
Magic:  8/8        EV: 11    Int:  5    God:    Yredelemnul [......]
Gold:   124        SH:  6    Dex: 17    Spells: 8/8 levels left

rFire   . . .        q - +1 dagger of Bast {drain, Dex+3}
rCold   . . .        c - +0 buckler
rNeg    . . .        n - +0 chain mail
rPois   .            (helmet restricted)
rElec   .            i - +0 cloak
rCorr   .            (no gloves)
SInv    .            (no boots)
Will    +....        (no amulet) Stlth
                     f - +6 ring of strength
HPRegen 0.31/turn    (no ring)
MPRegen 0.11/turn

%: clarity
@: lethally poisoned (-4 -> -13), enlightened, flying
A: horns 2, retaliatory headbutt, clarity, wild magic 1
a: Renounce Religion, Recall Undead Harvest


You were on level 7 of the Dungeon.
You worshipped Yredelemnul.
Yredelemnul was noncommittal.
You visited 2 branches of the dungeon, and saw 8 of its levels.

You collected 461 gold pieces.
You spent 337 gold pieces at shops.

Inventory:

Hand Weapons
 q - the +1 dagger of Bast (weapon) {drain, Dex+3}
   (You found it on level 4 of the Dungeon)

   Dex+3:     It affects your dexterity (+3).
 y - a +0 scimitar
Missiles
 g - a curare-tipped dart
 l - 12 poisoned darts (quivered)
Armour
 c - a +0 buckler (worn)
 i - a +0 cloak (worn)
 n - a +0 chain mail (worn)
Jewellery
 f - a +6 ring of strength (left hand)
Wands
 o - a wand of iceblast (3)
Scrolls
 b - 2 scrolls of enchant weapon
 h - 4 scrolls of identify
 r - a scroll of teleportation
 t - 2 scrolls of fog
 u - a scroll of poison
 w - 7 scrolls of noise
Potions
 a - a potion of degeneration {unknown}
 d - a potion of brilliance {unknown}
 e - 3 potions of haste
 k - a potion of ambrosia {unknown}
 m - 2 potions of might
 p - 2 potions of curing {unknown}
 v - a potion of lignification {unknown}
 x - a potion of mutation


   Skills:
 - Level 3.6 Fighting
 - Level 2.4 Long Blades
 + Level 5.9 Throwing
 - Level 14.0 Armour
 - Level 4.0 Dodging
 - Level 5.0 Shields
 - Level 2.0 Evocations


You had 8 spell levels left.
You didn't know any spells.
Your spell library was empty.

Dungeon Overview and Level Annotations

Branches:
Dungeon (7/15)             Temple (1/1) D:7

Altars:
Cheibriados
Dithmenos
Elyvilon
Fedhas
Gozag
Hepliaklqana
Kikubaaqudgha
Makhleb
Nemelex Xobeh
Qazlal
Ru
Sif Muna
Uskayaw
Vehumet
Wu Jian
Xom
Yredelemnul
Zin
The Shining One

Shops:
D:5 ?

Annotations:
D:7 1 transporter, rozman's ghost, novice GnSh


Innate Abilities, Weirdness & Mutations

You have a pair of horns on your head.
You reflexively headbutt those who attack you in melee.
You possess an exceptional clarity of mind.
Your spells are a little harder to cast, but a little more powerful.


Message History

Your water moccasin zombie closely misses the ice beast.
The moth of wrath bites you!
The ice beast hits your water moccasin zombie.
The ice beast freezes your water moccasin zombie.
Your water moccasin zombie resists.
You hit the moth of wrath but do no damage.
You drain the moth of wrath.
The moth of wrath is moderately wounded.
You feel very sick. The water moccasin bites you!
The water moccasin bites you but does no damage.
Your water moccasin zombie bites the ice beast.
The moth of wrath bites you!
The ice beast misses your water moccasin zombie.
Rozman's ghost hits your water moccasin zombie!!
You closely miss the water moccasin.
The water moccasin is severely wounded.
You feel very sick. You block the water moccasin's attack.
Your water moccasin zombie barely misses rozman's ghost.
The water moccasin closely misses you. The moth of wrath bites you!
* * * LOW HITPOINT WARNING * * *
The ice beast hits your water moccasin zombie.
The ice beast freezes your water moccasin zombie.
Your water moccasin zombie resists.
Rozman's ghost closely misses your water moccasin zombie.
It was a potion of enlightenment.
You feel very buoyant.
You fly up into the air.
* * * LOW HITPOINT WARNING * * *
You feel very sick.
The water moccasin bites you but does no damage.
Your water moccasin zombie barely misses rozman's ghost.
The water moccasin barely misses you. The moth of wrath barely misses you.
Rozman's ghost hits your water moccasin zombie.
The ice beast barely misses your water moccasin zombie.
Your water moccasin zombie completely misses rozman's ghost.
The water moccasin bites you!
You die...
Your body rises from the dead as a mindless zombie.

##...................##..#......
#....................#..###.....
##.................#..........>.
##.....).###©####..............
#.......##y### #####..........
#......##..... #....#...)......
##.....#....#. .#...##.........
#.<....#.Y##.S#......#.........
###....#©..#Yy@..##..#.........
#....##.#.!WZ.#.....#.........
##....#....###[..##.##......)##
#...#.##..#..$=:....#....#..##.
##.....###. #####..##..######..
##......####.©.####....#......
###..................#.......
###.............#.##....##.
#.....###.....#.......##.


You could see a moth of wrath (drained), a water moccasin (berserk), an ice
beast, rozman's ghost (ally target) and a friendly water moccasin zombie.

Vanquished Creatures
  Pikel (D:6)
  Sigmund (D:6)
  2 steam dragons
  Menkaure (D:4)
  3 water moccasins
  Duvessa (D:7)
  An orc warrior (D:7)
  2 ice beasts
  A sky beast (D:7)
  A black bear (D:7)
  A phantom (D:7)
  2 kobold brigands
  A gnoll sergeant (D:7)
  A scorpion (D:4)
  3 bullfrogs (D:6)
  A water moccasin zombie (D:6)
  Dowan (D:7)
  A vampire bat (D:4)
  3 bombardier beetles
  6 hounds
  2 orc priests
  Crazy Yiuf (D:2)
  A jelly (D:6)
  A sleepcap (D:7)
  Natasha (D:4)
  3 iguanas
  4 orc wizards
  A howler monkey zombie (D:6)
  Robin (D:2)
  6 adders
  7 gnolls
  2 white imps (D:7)
  3 ribbon worms
  2 dart slugs
  3 fire bats (D:4)
  21 orcs
  2 spectral bats (D:4)
  8 ball pythons
  3 bat skeletons (D:4)
  A bat zombie (D:4)
  10 endoplasms
  2 giant cockroaches
  7 hobgoblins
  3 jackals (D:1)
  12 kobolds
  A quokka (D:2)
  21 bats
  A bat simulacrum (D:4)
  3 frilled lizards
  15 goblins
  6 rats
188 creatures vanquished.

Notes
Turn   | Place    | Note
-------+----------+-------------------------------------------
     0 | D:1      | hawla the Minotaur Fighter began the quest for the Orb.
     0 | D:1      | Reached XP level 1. HP: 19/19 MP: 0/0
    21 | D:1      | Reached skill level 1 in Dodging
    51 | D:1      | Reached XP level 2. HP: 26/26 MP: 1/1
   261 | D:1      | Reached XP level 3. HP: 30/31 MP: 2/2
   600 | D:2      | Gained mutation: You possess an exceptional clarity of
                  | mind. [potion of mutation]
   600 | D:2      | Gained mutation: Your spells are a little harder to cast,
                  | but a little more powerful. [potion of mutation]
  1007 | D:2      | Found a runed translucent door.
  1008 | D:2      | Noticed Crazy Yiuf
  1016 | D:2      | Killed Crazy Yiuf
  1017 | D:2      | Reached XP level 4. HP: 12/39 MP: 3/3
  1250 | D:2      | Reached skill level 5 in Shields
  1319 | D:2      | Noticed Robin
  1321 | D:2      | Found a glowing silver altar of Zin.
  1327 | D:2      | Reached XP level 5. HP: 25/45 MP: 4/4
  1338 | D:2      | Killed Robin
  1339 | D:2      | Reached skill level 4 in Armour
  2022 | D:3      | Reached skill level 5 in Armour
  2364 | D:3      | Found a snail-covered altar of Cheibriados.
  2678 | D:4      | Reached XP level 6. HP: 46/51 MP: 5/5
  2684 | D:4      | Reached skill level 6 in Armour
  2793 | D:4      | Identified the +1 dagger of Bast {drain, Dex+3}
  2994 | D:4      | Reached skill level 7 in Armour
  3221 | D:4      | Reached XP level 7. HP: 57/57 MP: 6/6
  3344 | D:4      | Reached skill level 8 in Armour
  3476 | D:4      | Noticed Menkaure
  3486 | D:4      | Killed Menkaure
  3717 | D:4      | Noticed Natasha
  3719 | D:4      | Killed Natasha
  3807 | D:5      | Entered Level 5 of the Dungeon
  3814 | D:5      | Reached skill level 9 in Armour
  4038 | D:5      | Reached skill level 10 in Armour
  4066 | D:5      | Found a blossoming altar of Fedhas.
  4164 | D:5      | Found Qyph's Magic Scroll Boutique.
  4181 | D:5      | Reached XP level 8. HP: 58/64 MP: 7/7
  4213 | D:5      | Bought a scroll of teleportation for 45 gold pieces
  4213 | D:5      | Bought a scroll of identify for 30 gold pieces
  4213 | D:5      | Bought a scroll of fog for 60 gold pieces
  4213 | D:5      | Bought a scroll of identify for 30 gold pieces
  4213 | D:5      | Bought a scroll of enchant weapon for 112 gold pieces
  4213 | D:5      | Bought a scroll of poison for 60 gold pieces
  4443 | D:6      | Reached skill level 11 in Armour
  4571 | D:6      | Reached skill level 12 in Armour
  4789 | D:6      | Noticed Sigmund
  4799 | D:6      | Killed Sigmund
  4800 | D:6      | Reached skill level 13 in Armour
  4807 | D:6      | Reached XP level 9. HP: 70/70 MP: 8/8
  4816 | D:6      | Found a basalt altar of Yredelemnul.
  4855 | D:6      | Noticed Pikel
  4868 | D:6      | Killed Pikel
  4869 | D:6      | Reached skill level 14 in Armour
  5036 | D:6      | Reached skill level 1 in Evocations
  5507 | D:7      | Reached skill level 1 in Throwing
  5537 | D:7      | Identified the +1 robe of Protective Custody {+Inv Str-3
                  | SInv Stlth+}
  5690 | D:7      | Noticed Duvessa
  5701 | D:7      | Noticed Dowan
  5705 | D:7      | Killed Duvessa
  5721 | D:7      | Killed Dowan
  5916 | D:7      | Noticed a moth of wrath
  5917 | D:7      | Identified the +1 morningstar of Overwhelming Force {heavy,
                  | Stlth+}
  6106 | D:7      | Reached skill level 5 in Throwing
  6199 | D:7      | Found a staircase to the Ecumenical Temple.
  6295 | Temple   | Entered the Ecumenical Temple
  6457 | D:6      | Became a worshipper of Yredelemnul the Dark
  6532 | D:7      | Found a transporter.
  6537 | D:7      | Noticed rozman's ghost (novice GnSh)
  6555 | D:7      | Found a transporter.
  6744 | D:7      | Slain by a water moccasin

Illustrated notes

Levels and vault maps discovered:
D:1:      dpeg_arrival_tiny_c, layout_basic
D:2:      cheibrodos_pilgrimage, layout_loops_cross, basic_altar, uniq_robin,
          uniq_crazy_yiuf_cottage
D:3:      layout_basic, mainiacjoe_overflow_small_starburst, serial_rivers,
          chequers_serial_rivers_micro_a, chequers_serial_rivers_micro_c,
          chequers_serial_rivers_micro_a, chequers_serial_rivers_micro_e,
          chequers_serial_rivers_small_3, minmay_diced_spiral
D:4:      layout_loops_cross, goddamned_bats, uniq_natasha, uniq_menkaure
D:5:      layout_rooms, overflow_temple_1_default, serial_shops,
          nicolae_shop_tiny_glass
D:6:      layout_layer_cave, lemuel_zombie_altar_yredelemnul, uniq_sigmund,
          uniq_pikel
D:7:      layout_cave_pools, minmay_temple_entry_enclosed_plants,
          gammafunk_ghost_berserking_beasts, uniq_duvessa
Temple:   nicolae_temple_x_marks_the_god

Skill      XL: |  1  2  3  4  5  6  7  8  9 |
---------------+----------------------------+-----
Dodging        | 2 3 4 |  4.0
Shields        | 4 5 |  5.0
Armour         | 5 7 10 13 14 | 14.0
Evocations     | 2 |  2.0
Throwing       | 5 |  5.9
Fighting       | |  3.6
Long Blades    | |  2.4

Action                     |  1- 3 |  4- 6 |  7- 9 || total
---------------------------+-------+-------+-------++-------
  Melee: Long sword        |   108 |   148 |    40 ||   296
         Headbutt          |     6 |    18 |    88 ||   112
         Dagger            |       |       |   273 ||   273
         Scimitar          |       |       |     4 ||     4
  Throw: Dart              |       |       |    20 ||    20
  Evoke: Wand              |       |       |     5 ||     5
    Use: Scroll            |     2 |     5 |     3 ||    10
         Potion            |     1 |     2 |     3 ||     6
 Armour: Scale mail        |    83 |    63 |       ||   146
         Chain mail        |       |    66 |   215 ||   281
  Dodge: Dodged            |    62 |   118 |   176 ||   356
  Block: Buckler           |    25 |    32 |    89 ||   146
